 Dungeon Crawl Stone Soup version 0.22.0-16-gc6d26f69f9 (webtiles) character file.

10768 Rrauwl the Blocker (level 11, -18/75 HPs)
             Began as a Human Fighter on Aug 17, 2018.
             Was an Elder of Zin.
             Demolished by a white ugly thing (24 damage)
             ... on level 11 of the Dungeon.
             The game lasted 00:40:22 (11573 turns).

Rrauwl the Blocker (Human Fighter)                 Turns: 11573, Time: 00:40:22

Health: -18/75     AC:  9    Str: 32    XL:     11   Next: 99%
Magic:  13/15      EV: 10    Int: 11    God:    Zin [****..]
Gold:   630        SH: 20    Dex: 14    Spells: 9/10 levels left

rFire    . . .     SeeInvis .   c - +2 rapier (elec)
rCold    . . .     Gourm    .   z - +0 large shield
rNeg     . . .     Faith    .   C - +0 acid dragon scales
rPois    ∞         Spirit   .   n - +0 hat
rElec    .         Reflect  .   (no cloak)
rCorr    +         Harm     .   v - +1 pair of gloves
MR       .....                  (no boots)
Stlth    +.........             f - amulet of the acrobat
HPRegen  0.22/turn              F - +4 ring of strength
MPRegen  0.14/turn              s - +6 ring of strength

@: vitalised
A: no striking features
a: Recite, Vitalisation, Imprison, Donate Gold, Renounce Religion


You were on level 11 of the Dungeon.
You worshipped Zin.
Zin was greatly pleased with you.
You were not hungry.

You visited 2 branches of the dungeon, and saw 13 of its levels.

You collected 700 gold pieces.
You donated 70 gold pieces to Zin.

Inventory:

Hand Weapons
 a - a +1 long sword
 c - a +2 rapier of electrocution (weapon)
Missiles
 l - 3 silver tomahawks (quivered)
Armour
 n - a +0 hat (worn)
 v - a +1 pair of gloves (worn)
 y - +0 steam dragon scales
 z - a +0 large shield (worn)
 C - +0 acid dragon scales (worn)
 D - a +0 troll leather armour
Jewellery
 f - an amulet of the acrobat (around neck)
 i - an uncursed ring of ice
 q - an uncursed ring of see invisible
 r - an uncursed ring of stealth
 s - a +6 ring of strength (right hand)
 x - an uncursed amulet of faith
 E - an uncursed ring of protection from fire {unknown}
 F - a +4 ring of strength (left hand)
Wands
 d - a wand of digging (14)
 u - a wand of acid (9)
 B - a wand of iceblast (7)
Scrolls
 h - 6 scrolls of teleportation
 j - 11 scrolls of identify
 k - a scroll of blinking
 m - 5 scrolls of remove curse
 o - 4 scrolls of enchant weapon
 t - 3 scrolls of magic mapping
 A - a scroll of amnesia
Potions
 g - 4 potions of curing
 w - 3 potions of brilliance
Miscellaneous
 p - a lamp of fire
Comestibles
 e - 20 rations


   Skills:
 - Level 3.0 Fighting
 + Level 11.5 Long Blades
 - Level 5.0 Armour
 - Level 3.0 Dodging
 + Level 11.7 Shields
 - Level 5.3 Invocations
 - Level 3.0 Evocations


You had 9 spell levels left.
You knew the following spells:

 Your Spells              Type           Power        Failure   Level  Hunger
a - Apportation           Tloc           #.....       93%         1    ##.....

Your spell library contained the following spells:

 Spells                   Type           Power        Failure   Level  Hunger
 Bolt of Cold             Conj/Ice       #.........   100%        6    #######
 Freezing Cloud           Conj/Ice/Air   #.........   100%        6    #######
 Summon Small Mammal      Summ           #...         93%         1    ##.....
 Animate Skeleton         Necr           N/A          93%         1    ##.....
 Ozocubu's Refrigeration  Ice            #.........   100%        6    #######
 Ice Form                 Ice/Tmut       #.......     100%        4    #####..
 Confusing Touch          Hex            #.....       93%         1    ##.....
 Metabolic Englaciation   Hex/Ice        #.........   100%        5    ######.
 Simulacrum               Ice/Necr       #.........   100%        6    #######


Dungeon Overview and Level Annotations

Branches:
Dungeon (12/15)            Temple (1/1) D:6            Lair (0/6) D:11
    Orc (0/2) D:9

Altars:
Ashenzari
Cheibriados
Dithmenos
Elyvilon
Fedhas
Gozag
Hepliaklqana
Kikubaaqudgha
Makhleb
Nemelex Xobeh
Okawaru
Qazlal
Ru
Sif Muna
Trog
Uskayaw
Vehumet
Wu Jian
Xom
Yredelemnul
Zin
The Shining One

Shops:
D:5 :   D:6 *   D:7 }

Annotations:
D:12 1 runed door


Message History

The white ugly thing misses you.
You block the white ugly thing's attack.
The white ugly thing punches you. The white ugly thing freezes you!!
* * * LOW HITPOINT WARNING * * *
The white ugly thing punches you but does no damage.
Press: ? - help, Dir - move target cursor, f - white ugly thing
Aim: a white ugly thing You need more space to imprison the white ugly thing.
Press: ? - help, Dir - move target cursor, f/p - white ugly thing
Aim: a white ugly thing You need more space to imprison the white ugly thing.
You block the white ugly thing's attack.
Things that are here:
a scale mail; a dagger; a short sword You are not zealous enough to affect this audience!
Zin grants you divine stamina. The white ugly thing punches you!
* * * LOW HITPOINT WARNING * * *
The white ugly thing freezes you!!
You die...

.###'#.........# #......#...#..
.#...#.........# #.(....#...#..
.'...#.........# #......#...#..
.#...#.........# #......#...#..
.#####.........# #<.....'...#..
.......###..[..# #(.....#...#..
.......# ####..# #).....#.†.#..
.......# #..#####).....#...#..
#......# #<..@u.[......##'##..
#......# #)......[............
#......# #..................##
#......######.......##########.#
#...................# #.#
...<................# #.#
##.......########...# #.#
#.......#......#...# #.#
#.......#......#...##########.##


You could see a white ugly thing.

Vanquished Creatures
  A hydra (D:11)
  A catoblepas (D:10)
  An unseen horror (D:12)
  A cyclops (D:11)
  A komodo dragon (D:11)
  2 trolls (D:11)
  2 hippogriffs
  Eustachio (D:6)
  5 yaks (D:10)
  A spriggan (D:7)
  2 wyverns
  A steam dragon (D:9)
  2 basilisks (D:11)
  A hungry ghost (D:10)
  An acid dragon (D:11)
  4 sky beasts
  3 ice beasts
  2 orc warriors
  4 black bears
  7 ogres
  A necrophage (D:11)
  A phantom (D:8)
  3 centaurs
  2 crocodiles (D:11)
  3 big kobolds
  6 bullfrogs
  3 scorpions
  8 howler monkeys
  7 crimson imps
  2 quasits
  A centaur zombie (D:12)
  2 jellies
  3 bullfrog zombies
  6 hounds
  3 bullfrog skeletons
  7 orc priests
  3 iguanas
  11 orc wizards
  7 worker ants
  A killer bee zombie (D:10)
  A hound zombie (D:5)
  A hound skeleton (D:5)
  A worker ant zombie (D:5)
  2 howler monkey skeletons
  12 gnolls
  17 adders
  A shadow imp (D:5)
  4 oozes
  An adder zombie (D:5)
  An adder skeleton (D:5)
  3 worms
  4 dart slugs
  10 leopard geckos
  38 orcs
  A ball python (D:1)
  9 giant cockroaches
  A goblin (D:1)
  9 hobgoblins
  24 jackals
  16 kobolds
  11 bats
  7 frilled lizards
  2 giant cockroach zombies (D:5)
  A jackal skeleton (D:5)
  A jackal zombie (D:5)
  A quokka zombie (D:5)
  7 rats
  A plant (D:5)
310 creatures vanquished.

Notes
Turn   | Place    | Note
-------+----------+-------------------------------------------
     0 | D:1      | Rrauwl the Human Fighter began the quest for the Orb.
     0 | D:1      | Reached XP level 1. HP: 18/18 MP: 1/1
   176 | D:1      | Reached XP level 2. HP: 24/24 MP: 2/2
   489 | D:1      | Reached skill level 1 in Dodging
   593 | D:1      | Reached XP level 3. HP: 29/29 MP: 3/3
   821 | D:2      | Found a stormy altar of Qazlal.
   864 | D:2      | Found a shattered altar of Ashenzari.
   979 | D:2      | Reached XP level 4. HP: 35/35 MP: 4/4
  1218 | D:2      | Reached XP level 5. HP: 20/41 MP: 5/5
  1561 | D:3      | Reached XP level 6. HP: 35/47 MP: 6/6
  2243 | D:4      | Noticed an ogre
  2264 | D:4      | Killed an ogre
  2264 | D:4      | Reached XP level 7. HP: 44/52 MP: 7/7
  3051 | D:4      | Reached skill level 5 in Armour
  3051 | D:4      | Reached skill level 5 in Shields
  3188 | D:5      | Entered Level 5 of the Dungeon
  3200 | D:5      | Found a white marble altar of Elyvilon.
  3261 | D:5      | Reached XP level 8. HP: 41/58 MP: 8/8
  3288 | D:5      | Reached skill level 5 in Long Blades
  3851 | D:5      | Found Wyneitel's Book Shoppe.
  3990 | D:6      | Found Lyacyin's Elemental Accessories.
  4170 | D:6      | Noticed Eustachio
  4521 | D:6      | HP: 2/58 [Eustachio/rapier of electrocution (18)]
  4881 | D:6      | Reached XP level 9. HP: 40/63 MP: 9/9
  5032 | D:6      | Found a staircase to the Ecumenical Temple.
  5052 | Temple   | Entered the Ecumenical Temple
  5094 | Temple   | Became a worshipper of Zin the Law-Giver
  5094 | Temple   | Reached * piety under Zin
  5364 | D:6      | Killed Eustachio
  5631 | D:6      | Reached ** piety under Zin
  5732 | D:7      | Found Niaroext's Gadget Emporium.
  6146 | D:7      | Noticed a hippogriff
  6192 | D:7      | Killed a hippogriff
  6192 | D:7      | Reached skill level 1 in Invocations
  6226 | D:7      | Reached XP level 10. HP: 49/70 MP: 11/11
  6240 | D:7      | Reached *** piety under Zin
  6639 | D:8      | Reached skill level 1 in Evocations
  7822 | D:9      | Found a staircase to the Orcish Mines.
  7846 | D:9      | Found a bloodstained altar of Trog.
  7903 | D:10     | Entered Level 10 of the Dungeon
  7958 | D:10     | Reached **** piety under Zin
  8055 | D:10     | Noticed a catoblepas
  8071 | D:10     | Killed a catoblepas
  8071 | D:10     | Reached skill level 10 in Shields
  8071 | D:10     | Reached skill level 5 in Invocations
  8071 | D:10     | Reached XP level 11. HP: 32/75 MP: 13/15
  8272 | D:10     | Got a distressingly furry leather armour
  8283 | D:10     | Identified the cursed +0 leather armour of the Ego {rElec rF+} (You found it on level 10 of the Dungeon)
  8470 | D:10     | Found a shimmering altar of Xom.
  8488 | D:10     | Reached skill level 10 in Long Blades
  8524 | D:10     | Learned a level 1 spell: Apportation
  8759 | D:11     | Noticed a white ugly thing
  9573 | D:12     | Noticed an unseen horror
  9580 | D:12     | Killed an unseen horror
  9699 | D:11     | Noticed an eight-headed hydra
  9764 | D:12     | Found a runed door.
  9764 | D:12     | Noticed a sixfirhy
  9839 | D:12     | Noticed a hell beast
  9842 | D:12     | Found a burning altar of Makhleb.
 10972 | D:11     | Found a staircase to the Lair.
 11168 | D:11     | Killed an eight-headed hydra
 11312 | D:11     | Noticed a cyclops
 11325 | D:11     | Killed a cyclops
 11573 | D:11     | Demolished by a white ugly thing

Skill      XL: |  1  2  3  4  5  6  7  8  9 10 11 |
---------------+----------------------------------+-----
Dodging        | 1 2 3 |  3.0
Long Blades    | 3 4 6 8 9 11 | 11.5
Armour         | 4 5 |  5.0
Shields        | 4 5 7 8 10 11 | 11.7
Invocations    | 1 5 |  5.3
Evocations     | 3 |  3.0
Fighting       | |  3.0

Action                   |  1- 3 |  4- 6 |  7- 9 | 10-12 || total
-------------------------+-------+-------+-------+-------++-------
Melee: Long sword        |    99 |   232 |   458 |       ||   789
       Rapier            |       |       |    70 |   490 ||   560
Throw: Tomahawk          |       |       |       |     1 ||     1
Invok: Vitalisation      |       |       |     1 |     3 ||     4
Evoke: Wand              |       |       |       |     1 ||     1
  Use: Potion            |       |     3 |     3 |     6 ||    12
       Scroll            |       |       |    13 |     1 ||    14
 Stab: Sleeping          |       |       |       |     1 ||     1
       Petrified         |       |       |       |     2 ||     2
  Eat: Chunk             |       |     5 |    11 |    10 ||    26
       Ration            |       |       |     1 |     4 ||     5
Armor: Scale mail        |    31 |    78 |   138 |       ||   247
       Plate armour      |       |       |    64 |    73 ||   137
       Steam dragon scal |       |       |       |    82 ||    82
       Acid dragon scale |       |       |       |     6 ||     6
       Troll leather arm |       |       |       |     3 ||     3
Dodge: Dodged            |    39 |    94 |   218 |   172 ||   523
Block: Shield            |    60 |   127 |   303 |   276 ||   766
       Large shield      |       |       |       |    14 ||    14
       Rpst.: Long sword |    12 |    27 |    62 |       ||   101
